 Dungeon Crawl Stone Soup version 0.30-a0-924-g0ad0bf95bc (webtiles) character file.

Game seed: 7135534067074881076

6653 bobarctor the Thaumaturge (level 10, -1/63 HPs)
             Began as a Demonspawn Necromancer on Mar 23, 2023.
             Was an Initiate of Kikubaaqudgha.
             Slain by a blink frog (12 damage)
             ... on level 1 of the Lair of Beasts.
             The game lasted 01:00:31 (9888 turns).

bobarctor the Thaumaturge (Demonspawn Necromancer)  Turns: 9888, Time: 01:00:31

Health: -1/63      AC: 13    Str:  8    XL:     10   Next: 73%
Magic:  15/24      EV: 11    Int: 21    God:    Kikubaaqudgha [......]
Gold:   528        SH:  0    Dex: 14    Spells: 12/29 levels left

rFire   + . .      SeeInvis .    P - +2 short sword (venom)
rCold   . . .      Faith    .    (no shield)
rNeg    . . .      Spirit   .    M - +0 swamp dragon scales
rPois   +          Reflect  .    (helmet restricted)
rElec   .          Rampage  .    v - +0 cloak
rCorr   .                        (no gloves)
Will    .....                    V - +2 pair of boots
Stlth   ++                       D - amulet of magic regeneration
HPRegen 0.30/turn                w - ring of protection from fire
MPRegen 0.59/turn                (no ring)

@: no status effects
A: antennae 2, hooves 2, spiny 2
a: Renounce Religion


You were on level 1 of the Lair of Beasts.
You worshipped Kikubaaqudgha.
Kikubaaqudgha was noncommittal.
You visited 3 branches of the dungeon, and saw 10 of its levels.
You also visited: Ossuary.

You collected 528 gold pieces.

Inventory:

Hand Weapons
 C - a +2 dagger of draining
 L - a +2 war axe of flaming
 O - a +2 hand axe of venom
 P - a +2 short sword of venom (weapon)
 U - a +2 whip of freezing
 X - a +0 arbalest
Missiles
 c - 23 poisoned darts
 h - 6 javelins
 m - 7 boomerangs (quivered)
 t - a throwing net
Armour
 a - a +0 robe
 o - a +1 pair of boots
 v - a +0 cloak (worn)
 M - +0 swamp dragon scales (worn)
 V - a +2 pair of boots (worn)
Jewellery
 q - an amulet of faith
 w - a ring of protection from fire (left hand)
 D - an amulet of magic regeneration (around neck)
 Q - an amulet of reflection
Wands
 d - a wand of flame (19)
 K - a wand of mindburst (17)
 R - a wand of iceblast (3)
 S - a wand of digging (6)
Scrolls
 f - 4 scrolls of identify
 g - 5 scrolls of poison {unknown}
 j - 2 scrolls of fog {unknown}
 k - a scroll of magic mapping {unknown}
 n - 2 scrolls of fear {unknown}
 u - 4 scrolls of amnesia {unknown}
 x - 4 scrolls of teleportation {unknown}
 y - a scroll of butterflies {unknown}
 z - 3 scrolls of immolation {unknown}
 A - a scroll of enchant armour {unknown}
 B - a scroll of vulnerability {unknown}
 F - a scroll of silence {unknown}
 I - 3 scrolls of acquirement {unknown}
 J - 2 scrolls of enchant weapon {unknown}
 Y - a scroll of noise {unknown}
Potions
 b - a potion of magic
 e - 2 potions of degeneration
 i - 4 potions of brilliance
 l - a potion of cancellation
 p - 4 potions of heal wounds
 r - 7 potions of mutation
 s - 5 potions of curing
 E - a potion of resistance
 G - a potion of invisibility
 H - 3 potions of lignification
 N - 2 potions of haste
 T - 3 potions of might
Miscellaneous
 W - a piece from Xom's chessboard (15/15)


   Skills:
 + Level 0.1 Staves
 - Level 1.0 Throwing
 * Level 5.1 Armour
 + Level 4.4 Dodging
 + Level 3.2 Stealth
 * Level 10.3 Spellcasting
 + Level 9.2 Necromancy
 + Level 1.0 Transmutations
 * Level 4.9 Earth Magic


You had 12 spell levels left.
You knew the following spells:

 Your Spells              Type           Power      Damage    Failure   Level
a - Necrotise             Necr           100%       1d9       1%          1
b - Vampiric Draining     Necr           49%        2d9       1%          3
c - Wereblood             Tmut           15%        N/A       17%         2
d - Sublimation of Blood  Necr           49%        N/A       1%          2
e - Sandblast             Erth           62%        2d14      2%          1
f - Agony                 Necr           49%        N/A       11%         5
g - Stone Arrow           Conj/Erth      42%        3d9       19%         3

Your spell library contained the following spells:

 Spells                   Type           Power      Damage    Failure   Level
 Animate Dead             Necr           49%        N/A       3%          4
 Passwall                 Tmut/Erth      19%        N/A       8%          2
 Summon Hydra             Summ           5%         N/A       100%        7


Dungeon Overview and Level Annotations

Branches:
Dungeon (8/15)             Temple (1/1) D:7            Lair (1/5) D:8
Ossuary (visited)

Altars:
Ashenzari
Cheibriados
Fedhas
Hepliaklqana
Kikubaaqudgha
Ru
Uskayaw
Vehumet
Wu Jian
Xom
Yredelemnul

Shops:
D:1 (   D:4 [

Portals:
Abyss: D:8

Annotations:
D:8 2 transporters, jasper's ghost, novice DsWn


Innate Abilities, Weirdness & Mutations

You have a pair of antennae on your head.
You have hoof-like feet.
You are mostly covered in sharp spines.


Message History

Casting: Necrotise (safe; 1% risk of failure)
Confirm with . or Enter, or press ? or * to list all spells.
Aiming: Vampiric Draining (safe; 1% risk of failure)
Press: ? - help, Shift-Dir - straight line, f - blink frog, p - blink frog
Aim: a blink frog (moderately wounded)
You draw life force from the blink frog!
You feel life coursing into your body.
Your blink frog skeleton hits the blink frog!
The blink frog barely misses your blink frog skeleton.
The blink frog misses you.
The blink frog is struck by your spines.
The blink frog closely misses you.
Your blink frog skeleton closely misses the blink frog.
Unknown command.
Casting: Vampiric Draining (safe; 1% risk of failure)
Confirm with . or Enter, or press ? or * to list all spells.
Aiming: Vampiric Draining (safe; 1% risk of failure)
Press: ? - help, Shift-Dir - straight line, f/p - blink frog
Aim: a blink frog (severely wounded)
You draw life force from the blink frog!
You feel life coursing into your body. The blink frog barely misses you.
The blink frog hits your blink frog skeleton!
The blink frog hits you!
The blink frog blinks!
The blink frog is struck by your spines.
The blink frog hits you!
* * * LOW HITPOINT WARNING * * *
The blink frog hits your blink frog skeleton!
Your blink frog skeleton hits the blink frog.
The blink frog dies!
Kikubaaqudgha accepts your kill.
Unknown command.
Casting: Vampiric Draining (safe; 1% risk of failure)
Confirm with . or Enter, or press ? or * to list all spells.
Aiming: Vampiric Draining (safe; 1% risk of failure)
Press: ? - help, Shift-Dir - straight line, f - blink frog, p - blink frog
Aim: a blink frog (moderately wounded)
You draw life force from the blink frog.
You feel life coursing into your body. The blink frog hits you!
You die...
Kikubaaqudgha rasps: "You have failed me!
Welcome... death!"

#..........###.#.###.#
##.#####....# ##### #.# #..#
#.....# ## #.#
#####.####.....####.####.##
####..#..#.............#.....##
.........#.............#......##
#.##.########..................##
###### #....................#
##..F@.F.........^....
#...§..<÷............
#......÷.............
##...Z................
#....†...............#
#.............).....##
#P.................##
#.................#.#
##...............####


You could see 2 blink frogs and a friendly blink frog skeleton.

Vanquished Creatures
  Pikel (D:7)
  Maurice (D:8)
  An elephant (D:8)
  Maggie (D:6)
  Psyche (D:8)
  7 blink frogs
  A basilisk (D:8)
  A wyvern (D:8)
  A steam dragon (D:7)
  2 water moccasins (Lair:1)
  2 black bears
  2 sky beasts
  4 ogres
  2 lemures (D:7)
  4 phantoms
  2 bullfrogs
  An elf zombie (Ossuary)
  A gnoll sergeant (D:5)
  2 scorpions
  9 killer bees (D:7)
  3 howler monkeys (D:8)
  2 jellies
  6 human zombies (Ossuary)
  A sleepcap (D:6)
  Crazy Yiuf (D:3)
  2 hounds (D:6)
  Jessica (D:2)
  5 iguanas
  Natasha (thrice) (D:3)
  2 orc wizards
  3 mummies (Ossuary)
  2 hound zombies (Ossuary)
  9 adders
  8 gnolls
  2 shadow imps
  An adder zombie (Ossuary)
  A worm (D:5)
  5 dart slugs
  16 orcs
  11 endoplasms
  3 giant cockroaches
  2 gnoll zombies (Ossuary)
  8 goblins
  6 hobgoblins
  3 jackals (D:1)
  2 quokkas (D:5)
  8 ball pythons
  3 bats
  A frilled lizard (D:1)
  2 goblin zombies (Ossuary)
  3 hobgoblin zombies (Ossuary)
  4 jackal zombies (Ossuary)
  5 kobolds
  4 kobold zombies (Ossuary)
  2 orc zombies (Ossuary)
  3 quokka zombies (Ossuary)
  3 rats
  5 rat zombies (Ossuary)
  A butterfly (D:3)
198 creatures vanquished.

Vanquished Creatures (collateral kills)
  A blink frog (Lair:1)
  A bullfrog (D:5)
  A gnoll (D:5)
  An orc (D:4)
  An endoplasm (D:1)
  A goblin (D:3)
  A ball python (D:3)
  A bat (D:1)
  A butterfly (D:3)
9 creatures vanquished.

Vanquished Creatures (others)
  2 fungi
  3 plants
5 creatures vanquished.

Grand Total: 212 creatures vanquished

Notes
Turn   | Place    | Note
-------+----------+-------------------------------------------
     0 | D:1      | bobarctor the Demonspawn Necromancer began the quest for
                  | the Orb.
     0 | D:1      | Reached XP level 1. HP: 13/13 MP: 3/3
     8 | D:1      | Found Daapiepo's Weapon Shop.
   183 | D:1      | Discovered your monstrous ancestry.
   183 | D:1      | Gained mutation: You have large cloven feet. [demonic
                  | ancestry]
   183 | D:1      | Reached XP level 2. HP: 19/19 MP: 0/5
  1290 | D:2      | Reached skill level 5 in Necromancy
  1290 | D:2      | Reached XP level 3. HP: 24/24 MP: 3/6
  1428 | D:2      | Learned a level 3 spell: Vampiric Draining
  1431 | D:2      | Learned a level 2 spell: Wereblood
  1733 | D:3      | Found a shimmering altar of Xom.
  2098 | D:3      | Noticed Natasha
  2106 | D:3      | Killed Natasha
  2107 | D:3      | Reached skill level 3 in Spellcasting
  2107 | D:3      | Reached XP level 4. HP: 27/30 MP: 4/8
  2201 | D:3      | Noticed Natasha
  2213 | D:3      | Killed Natasha
  2292 | D:3      | Noticed Natasha
  2301 | D:3      | Killed Natasha
  2302 | D:3      | Gained mutation: You have a pair of small antennae on your
                  | head. [demonic ancestry]
  2302 | D:3      | Reached XP level 5. HP: 24/35 MP: 6/10
  2380 | D:3      | Noticed Jessica
  2395 | D:2      | Killed Jessica
  2497 | D:3      | Found a broken altar of Ashenzari.
  2567 | D:3      | Reached skill level 4 in Spellcasting
  2570 | D:3      | Learned a level 2 spell: Sublimation of Blood
  2812 | D:3      | Found a snail-covered altar of Cheibriados.
  3086 | D:3      | Found a runed translucent door.
  3087 | D:3      | Noticed Crazy Yiuf
  3093 | D:3      | Killed Crazy Yiuf
  3200 | D:4      | Gained mutation: You are partially covered in sharp spines.
                  | [demonic ancestry]
  3200 | D:4      | Reached XP level 6. HP: 24/41 MP: 3/12
  3447 | D:4      | Found Soyts's Armour Shoppe.
  3727 | D:4      | Reached skill level 5 in Spellcasting
  3917 | D:4      | Gained mutation: You have hoof-like feet. [demonic
                  | ancestry]
  3917 | D:4      | Reached XP level 7. HP: 29/46 MP: 2/15
  4487 | D:5      | Entered Level 5 of the Dungeon
  4491 | D:5      | Found a sand-covered staircase.
  4496 | Ossuary  | Entered an ossuary
  4508 | Ossuary  | Learned a level 1 spell: Sandblast
  4772 | Ossuary  | Reached skill level 6 in Spellcasting
  4961 | Ossuary  | Reached skill level 1 in Throwing
  4961 | Ossuary  | Reached skill level 1 in Earth Magic
  5559 | D:5      | Gained mutation: You have a pair of antennae on your head.
                  | [demonic ancestry]
  5559 | D:5      | Reached XP level 8. HP: 33/52 MP: 15/17
  6080 | D:5      | Reached skill level 7 in Spellcasting
  6396 | D:6      | Noticed Maggie
  6404 | D:6      | Learned a level 5 spell: Agony
  6408 | D:6      | Learned a level 3 spell: Stone Arrow
  6423 | D:6      | Killed Maggie
  6660 | D:6      | Reached skill level 8 in Spellcasting
  6660 | D:6      | Reached XP level 9. HP: 28/57 MP: 16/21
  7280 | D:7      | Found a staircase to the Ecumenical Temple.
  7296 | Temple   | Entered the Ecumenical Temple
  7640 | D:7      | Reached skill level 1 in Armour
  7699 | D:7      | Found a hazy altar of Hepliaklqana.
  8040 | D:7      | Reached skill level 9 in Spellcasting
  8255 | D:7      | Noticed Pikel
  8263 | D:7      | Killed Pikel
  8264 | D:7      | Reached skill level 1 in Transmutations
  8427 | D:7      | Found an ancient bone altar of Kikubaaqudgha.
  8452 | D:7      | Became a worshipper of Kikubaaqudgha
  8491 | D:8      | Noticed Psyche
  8508 | D:8      | Killed Psyche
  8509 | D:8      | Gained mutation: You are mostly covered in sharp spines.
                  | [demonic ancestry]
  8509 | D:8      | Reached XP level 10. HP: 55/63 MP: 23/23
  8536 | D:8      | Noticed a brown ugly thing
  8575 | D:8      | Found a transporter.
  8719 | D:8      | Noticed Maurice
  8732 | D:8      | Noticed an elephant
  8758 | D:8      | Killed an elephant
  8770 | D:8      | Killed Maurice
  9048 | D:8      | a floating eye changed into a deep troll
  9048 | D:8      | Noticed a deep troll (shapeshifter)
  9094 | D:8      | Found a one-way gate to the infinite horrors of the Abyss.
  9106 | D:8      | Noticed jasper's ghost (novice DsWn)
  9117 | D:8      | Found a transporter.
  9170 | D:8      | Found a staircase to the Lair.
  9448 | Lair:1   | Entered Level 1 of the Lair of Beasts
  9677 | Lair:1   | Reached skill level 10 in Spellcasting
  9882 | Lair:1   | Reached skill level 5 in Armour
  9888 | Lair:1   | Slain by a blink frog

Illustrated notes

Levels and vault maps discovered:
D:1:      minmay_arrival_arboretum_large, layout_basic, serial_shops,
          nicolae_shop_stone, minmay_misc_feat_plants
D:2:      layout_rooms
D:3:      layout_rooms, cheibriados_altar_1, nicolae_ashenzari_panopticon,
          xom_butterflies, uniq_jessica, uniq_crazy_yiuf_cottage, uniq_natasha
D:4:      layout_gridville, serial_shops, nicolae_inconvenience_store,
          st_stairs_5, kennysheep_cross_bottleneck, serial_bayou_ford_a,
          minmay_bent
D:5:      layout_cave_pools, enter_ossuary_5
D:6:      layout_rooms, uniq_maggie
D:7:      layout_rooms, mainiacjoe_overflow_brackets, kennysheep_little_box,
          minmay_temple_entry_slanted, uniq_pikel
D:8:      layout_loops_ring, david_lair_generic, gammafunk_ghost_abyssal_escape,
          uniq_maurice, uniq_psyche
Temple:   nicolae_temple_superstar
Lair:1:   gammafunk_indiana_jones, layout_gridlike,
          grunt_forest_large_clearings, uniq_nergalle

Skill      XL: |  1  2  3  4  5  6  7  8  9 10 |
---------------+-------------------------------+-----
Necromancy     | 5 6 7 8 9 |  9.2
Spellcasting   | 3 4 5 6 8 9 10 | 10.3
Stealth        | 2 3 |  3.2
Dodging        | 2 3 4 |  4.4
Throwing       | 1 |  1.0
Earth Magic    | 2 3 4 |  4.9
Armour         | 3 5 |  5.1
Transmutations | 1 |  1.0
Staves         | |  0.1

Action                     |  1- 3 |  4- 6 |  7- 9 | 10-12 || total
---------------------------+-------+-------+-------+-------++-------
  Melee: Dagger            |    19 |    78 |   218 |       ||   315
         Punch             |     1 |     1 |     6 |     2 ||    10
         Quarterstaff      |       |    11 |       |       ||    11
         Short sword       |       |       |   110 |    56 ||   166
         Unarmed           |       |       |    10 |       ||    10
  Throw: Boomerang         |       |       |    44 |     2 ||    46
         Dart              |       |       |     3 |       ||     3
         Javelin           |       |       |     3 |       ||     3
   Cast: Necrotise         |    68 |    55 |    22 |     4 ||   149
         Vampiric Draining |     1 |    14 |    27 |    16 ||    58
         Sandblast         |       |       |    25 |       ||    25
         Stone Arrow       |       |       |     2 |       ||     2
         Wereblood         |       |       |     1 |     1 ||     2
    Use: Scroll            |       |       |    10 |       ||    10
   Stab: Sleeping          |     1 |     4 |     4 |       ||     9
 Armour: Robe              |     4 |    24 |    45 |       ||    73
         Swamp dragon scal |       |       |    59 |    41 ||   100
  Dodge: Dodged            |    11 |    51 |   186 |    44 ||   292

Table legend: (Time is in decaauts)
 A = Elapsed time spent in this place.
 B = Non-inter-level travel time spent in this place.
 C = Inter-level travel time spent in this place.
 D = Time resting spent in this place.
 E = Time spent auto-exploring this place.
 F = Levels seen in this place.
 G = Mean time per level.
                   A        B        C        D        E       F      G
               +--------+--------+--------+--------+--------+-----+--------+
         Total |   9946 |   9703 |    243 |   2560 |   4744 |  11 |  904.2 |
       Dungeon |   8532 |   8311 |    221 |   2245 |   4479 |   8 | 1066.5 |
        Temple |    149 |    127 |     22 |      0 |    106 |   1 |  149.0 |
          Lair |    221 |    221 |      0 |      5 |    135 |   1 |  221.0 |
       Ossuary |   1042 |   1042 |      0 |    310 |     24 |   1 | 1042.0 |
               +--------+--------+--------+--------+--------+-----+--------+

Top non-repeatable levels by time:
     D:4: 1346 daAuts
     D:3: 1267 daAuts
     D:8: 1186 daAuts
     D:1: 1130 daAuts
     D:7: 1078 daAuts
 Ossuary: 1042 daAuts
     D:6: 876 daAuts
     D:5: 871 daAuts
     D:2: 775 daAuts
  Lair:1: 221 daAuts
  Temple: 149 daAuts
